[Event "January 2 Early 2024"]
[Site "https://www.chess.com"]
[Date "2024.01.02"]
[Round "5"]
[White "Kilpatrick, Callum"]
[Black "Bordi, Kevin"]
[Result "1/2-1/2"]
[Board "43"]
[TimeControl "180+1"]
[WhiteFideId "414425"]
[BlackFideId "621862"]
[WhiteElo "2549"]
[BlackElo "2813"]
[WhiteTeam "ENG"]
[BlackTeam "MNC"]
[WhiteClock "0:00:07"]
[BlackClock "0:00:02"]

1. e4 d5 2. exd5 Qxd5 3. Nc3 Qa5 4. Bc4 Nf6 5. d3 c6 6. Bd2 Qc7 7. Qe2 b5 8. Bb3 Nbd7 9. Nf3 Nc5 10. Ne5 e6 11. d4 Nxb3 12. axb3 Bd6 13. O-O O-O 14. Rfe1 Bb7 15. b4 Bxb4 16. Nxb5 cxb5 17. Bxb4 Rfc8 18. Qxb5 a6 19. Qc5 Qb8 20. Qb6 Nd5 21. Qa5 Rxc2 22. Bc3 Nf4 23. Qa4 Rxc3 24. bxc3 Bxg2 25. Qd7 Ra7 26. Rab1 Qa8 27. f3 Rxd7 28. Nxd7 Bxf3 29. Rb8+ Qxb8 30. Nxb8 Bd5 31. Nxa6 g5 32. Nb4 Bc4 33. Ra1 Kg7 34. Kf2 Kg6 35. Ra5 h5 36. Nc6 f6 37. Ne7+ Kf7 38. Ra7 Ke8 39. Nc6 Nd5 40. Rh7 h4 41. Nb4 Nxc3 42. Rc7 Ne4+ 43. Ke3 Bd5 44. Nxd5 exd5 45. Ra7 Kf8 46. Kf3 f5 47. Rd7 Nf6 48. Ra7 Ne4 49. Rd7 Nf6 50. Rb7 Ke8 51. Rg7 Ne4 52. Ra7 Nf6 53. Rg7 Ne4 54. Ra7 Nd6 55. Ke3 Ne4 56. Rg7 Kf8 57. Ra7 Ke8 58. Kf3 1/2-1/2

[Event "January 2 Early 2024"]
[Site "https://www.chess.com"]
[Date "2024.01.02"]
[Round "5"]
[White "Matyunin, Maxim"]
[Black "Bologan, Victor"]
[Result "0-1"]
[Board "44"]
[TimeControl "180+1"]
[WhiteFideId "34106682"]
[BlackFideId "13900048"]
[WhiteElo "2546"]
[BlackElo "2807"]
[WhiteTeam "RUS"]
[BlackTeam "MDA"]
[WhiteClock "0:00:04"]
[BlackClock "0:00:51"]

1. d4 Nf6 2. Nf3 c5 3. d5 b5 4. c4 b4 5. Qc2 g6 6. Bg5 Bg7 7. Nbd2 O-O 8. e4 d6 9. Be2 a5 10. O-O a4 11. h3 e6 12. Rae1 h6 13. Bh4 g5 14. Bg3 Nh5 15. Bh2 Nf4 16. Bxf4 gxf4 17. g3 fxg3 18. fxg3 exd5 19. exd5 Bxh3 20. Rf2 Nd7 21. Kh2 Bg4 22. Nh4 Ne5 23. Rf4 b3 24. axb3 axb3 25. Qe4 Bd7 26. Nf5 Bxf5 27. Rxf5 Ra2 28. Rb1 Re8 29. Bd1 Ng6 30. Qf3 Ra7 31. Bxb3 Rae7 32. Rf1 Re3 33. Qh5 Re2+ 34. R1f2 Rxf2+ 35. Rxf2 Re3 36. Bc2 Ne5 37. Qf5 Qg5 38. Qh7+ Kf8 39. Rg2 Qh5+ 40. Kg1 Re1+ 41. Nf1 Nf3+ 42. Kf2 Bd4+ 43. Ne3 Bxe3# 0-1

[Event "January 2 Early 2024"]
[Site "https://www.chess.com"]
[Date "2024.01.02"]
[Round "5"]
[White "Kochiev, Ivan"]
[Black "Molina, Roberto Junio Brito"]
[Result "0-1"]
[Board "45"]
[TimeControl "180+1"]
[WhiteFideId "2917890"]
[BlackFideId "2109450"]
[WhiteElo "2544"]
[BlackElo "2806"]
[WhiteTeam "BUL"]
[BlackTeam "BRA"]
[WhiteClock "0:00:05"]
[BlackClock "0:00:07"]

1. e4 c6 2. d4 d5 3. Nc3 dxe4 4. Nxe4 Nd7 5. Nf3 Ngf6 6. Ng3 e6 7. Bd3 c5 8. c3 cxd4 9. Nxd4 Bc5 10. Nb3 Be7 11. O-O O-O 12. Qe2 Qc7 13. Be3 b6 14. Rad1 Bb7 15. Nd4 a6 16. Nh5 Rfe8 17. Rfe1 g6 18. Nxf6+ Bxf6 19. h4 Bxh4 20. Qg4 Bf6 21. Bg5 Bg7 22. Nf3 b5 23. Bc2 Ne5 24. Nxe5 Bxe5 25. Rd3 Bg7 26. Rh3 Qc5 27. Bh6 Bh8 28. Be3 Qd5 29. b3 Bxc3 30. Rd1 Qe5 31. Rd7 h5 32. Qh4 Bc6 33. Rd3 b4 34. Rxc3 bxc3 35. Bd4 Qd5 36. f3 e5 37. Be3 Rad8 38. Qf6 Qd6 39. Qg5 Qe7 40. Qg3 Rd2 41. Be4 Bxe4 42. fxe4 Rd3 43. Rxh5 Rxe3 44. Qxe3 gxh5 45. Qh6 Qe6 46. Qxh5 Qg6 47. Qf3 Re6 48. Qxc3 Kg7 49. Qc8 Qf6 50. Qc3 Rc6 51. Qg3+ Qg6 52. Qd3 Qd6 53. Qg3+ Kf8 54. Qg5 Qd4+ 55. Kh2 Re6 56. Qd8+ Qxd8 0-1

[Event "January 2 Early 2024"]
[Site "https://www.chess.com"]
[Date "2024.01.02"]
[Round "5"]
[White "De Winter, Arthur"]
[Black "Petukhov, Dmitry"]
[Result "1-0"]
[Board "46"]
[TimeControl "180+1"]
[WhiteFideId "1069020"]
[BlackFideId "4142748"]
[WhiteElo "2805"]
[BlackElo "2533"]
[WhiteTeam "NED"]
[BlackTeam "RUS"]
[WhiteClock "0:01:23"]
[BlackClock "0:00:18"]

1. e4 c5 2. Nf3 d6 3. d4 cxd4 4. Nxd4 Nf6 5. Nc3 Nc6 6. f3 e5 7. Nb3 Be6 8. Nd5 Be7 9. c3 O-O 10. Be3 Re8 11. Be2 h6 12. O-O Bf8 13. Bf2 Bxd5 14. exd5 Ne7 15. Bb5 Nexd5 16. Bxe8 Qxe8 17. c4 Nf4 18. Be3 N6h5 19. g3 Ne6 20. Qd5 b6 21. a4 Nf6 22. Qd3 h5 23. a5 Rb8 24. axb6 axb6 25. Nd2 h4 26. Ne4 Nxe4 27. Qxe4 hxg3 28. hxg3 b5 29. cxb5 Rxb5 30. Ra8 Rb8 31. Rxb8 Qxb8 32. Rf2 Qb3 33. Rd2 g6 34. Kf2 Nc7 35. Qc2 Qb7 36. b4 d5 37. Bc5 e4 38. Bxf8 Kxf8 39. Qc5+ Kg8 40. fxe4 dxe4 41. Rd8+ Kh7 42. Qd4 Kh6 43. Rh8+ Kg5 44. Qe5+ f5 45. Qe7+ Kg4 46. Qh4# 1-0

[Event "January 2 Early 2024"]
[Site "https://www.chess.com"]
[Date "2024.01.02"]
[Round "5"]
[White "Pinero Rodriguez, Carlos Jose"]
[Black "Holt, Conrad"]
[Result "0-1"]
[Board "47"]
[TimeControl "180+1"]
[WhiteFideId "3901726"]
[BlackFideId "2034387"]
[WhiteElo "2523"]
[BlackElo "2800"]
[WhiteTeam "VEN"]
[BlackTeam "USA"]
[WhiteClock "0:00:00"]
[BlackClock "0:00:12"]

1. e4 e6 2. d4 d5 3. e5 c5 4. c3 Bd7 5. Nf3 Nc6 6. a3 f6 7. Bd3 fxe5 8. dxe5 Nh6 9. Bxh6 gxh6 10. O-O Bg7 11. Re1 O-O 12. Nbd2 Qc7 13. Qe2 Be8 14. h3 Bg6 15. c4 Rae8 16. Rad1 Qf7 17. Nf1 Kh8 18. Ng3 d4 19. Ne4 Nxe5 20. Nxe5 Bxe5 21. Nxc5 Bg7 22. b4 Bh5 23. f3 b6 24. Ne4 Qf4 25. Qd2 Qc7 26. c5 Rg8 27. Kh1 Ref8 28. Rc1 Rxf3 29. Rf1 Re3 30. Rce1 Rxe1 31. Qxe1 Bg6 32. Qf2 Rf8 33. Qe2 Rxf1+ 34. Qxf1 bxc5 35. bxc5 e5 36. Qf3 h5 37. Kg1 Bh6 38. Kh2 Bf4+ 39. g3 Bh6 40. Qf6+ Bg7 41. Qe6 Qb8 42. h4 Qb2+ 43. Kh3 Qb8 44. c6 Qd8 45. Qd7 Qxd7+ 46. cxd7 Bf5+ 47. Kg2 Bxd7 48. Be2 Bc6 49. Bf3 d3 50. Kf2 Bh6 51. Ke1 d2+ 52. Ke2 Bb5+ 53. Kd1 Ba4+ 54. Ke2 d1=Q+ 0-1

[Event "January 2 Early 2024"]
[Site "https://www.chess.com"]
[Date "2024.01.02"]
[Round "5"]
[White "Coca Cubillos, Jesus Alberto"]
[Black "ilqar_74"]
[Result "1-0"]
[Board "48"]
[TimeControl "180+1"]
[WhiteFideId "4462912"]
[WhiteElo "2508"]
[BlackElo "2798"]
[WhiteTeam "COL"]
[WhiteClock "0:00:06"]
[BlackClock "0:00:01"]

1. f4 g6 2. Nf3 Bg7 3. e3 Nf6 4. d4 O-O 5. Bd3 c5 6. O-O cxd4 7. exd4 d5 8. c3 Nc6 9. Nbd2 Bf5 10. Qc2 Qc8 11. Qb1 a6 12. Ne5 Re8 13. Ndf3 Ne4 14. Be3 f6 15. Nxc6 bxc6 16. Nd2 Nd6 17. h3 Rb8 18. g4 Bxd3 19. Qxd3 Rxb2 20. Nb3 Qe6 21. Nc5 Qf7 22. f5 gxf5 23. Bc1 Rbb8 24. gxf5 Kh8 25. Bf4 Rg8 26. Kh2 Rb2+ 27. Kh1 Qh5 28. Bxd6 exd6 29. Ne6 Bh6 30. Rg1 Bg5 31. Rg3 Rd2 32. Qxa6 Qh4 33. Rag1 Qe4+ 34. R1g2 Rxg2 35. Rxg2 Qxf5 36. Nxg5 fxg5 37. Kh2 Qf4+ 38. Kg1 Re8 39. Qf1 Qe3+ 40. Kh2 Qe7 41. Qf5 h6 42. Qg6 Qg7 43. Qxd6 Rf8 44. h4 g4 45. Rxg4 Qxg4 46. Qxf8+ Kh7 47. Qf7+ Kh8 48. Qf2 Qe4 49. Kg3 Qb1 50. Qf6+ Kh7 51. Qe7+ Kh8 52. Qe8+ Kh7 53. Qd7+ Kh8 54. Qxc6 Qxa2 55. Qxh6+ Kg8 56. Qe3 Qb1 57. Kg4 Qd1+ 58. Kf5 Qf1+ 59. Ke5 Qb5 60. Qg5+ Kf8 61. Qf6+ Kg8 62. Qe6+ Kg7 63. Qxd5 Qb8+ 64. Qd6 Qe8+ 65. Qe6 Qb5+ 66. Ke4 Qe2+ 67. Kd5 Qa2+ 68. Kd6 Qa6+ 69. Ke5 Qe2+ 70. Kd6 Qa6+ 71. Ke7 Qb7+ 72. Qd7 Qe4+ 73. Kd6+ Kf6 74. Qd8+ Kf7 75. Qg5 Qd3 76. Qh5+ Kg7 77. Qe5+ Kf7 78. Qe6+ Kg7 79. Qe7+ Kg6 80. Qg5+ Kf7 81. Qd5+ Kg7 82. c4 Qa3+ 83. c5 Qa6+ 84. c6 Qa3+ 85. Kd7 Qa4 86. Qe5+ Kf7 87. d5 Qb5 88. Qe7+ Kg6 89. d6 Qa4 90. Qg5+ Kh7 91. Qc5 Kg6 92. Kc7 Qf4 93. Kb7 Qf7+ 94. c7 Qf3+ 95. Kb8 Qb3+ 96. Ka8 Qa2+ 97. Qa7 Qd5+ 98. Kb8 Qb5+ 99. Qb7 1-0

[Event "January 2 Early 2024"]
[Site "https://www.chess.com"]
[Date "2024.01.02"]
[Round "5"]
[White "Anuj Shrivatri"]
[Black "Zimmermann, Ulrich"]
[Result "1-0"]
[Board "49"]
[TimeControl "180+1"]
[WhiteFideId "35070924"]
[BlackFideId "24654523"]
[WhiteElo "2789"]
[BlackElo "2455"]
[WhiteTeam "IND"]
[BlackTeam "GER"]
[WhiteClock "0:00:05"]
[BlackClock "0:00:16"]

1. e4 Nf6 2. e5 Ne4 3. d3 Nc5 4. d4 Ne6 5. Nf3 d5 6. Nc3 c5 7. dxc5 d4 8. Ne4 Qd5 9. Bd3 Nxc5 10. c4 Nxd3+ 11. Qxd3 Qa5+ 12. Bd2 Qc7 13. Qxd4 Nc6 14. Qc3 Bf5 15. Ng3 Bg4 16. O-O Bxf3 17. Qxf3 Qxe5 18. Bc3 Qc5 19. b3 f6 20. Ne4 Qb6 21. Rfe1 O-O-O 22. c5 Qc7 23. b4 e5 24. b5 Nd4 25. Bxd4 Rxd4 26. b6 axb6 27. cxb6 Qxb6 28. Rab1 Qa6 29. Qc3+ Kb8 30. Rec1 Ba3 31. Qc7+ Ka8 32. Qxg7 Rhd8 33. Re1 f5 34. Ng3 f4 35. Nf5 R4d5 36. Qxh7 Qa7 37. Nh4 Bc5 38. Rf1 Rd2 39. Kh1 Bxf2 40. Nf3 Rxa2 41. Nxe5 Be3 42. Nc4 Qa6 43. Qf7 Rc8 44. Nxe3 fxe3 45. Rfe1 e2 46. Rb6 Qa5 47. Qxb7# 1-0

[Event "January 2 Early 2024"]
[Site "https://www.chess.com"]
[Date "2024.01.02"]
[Round "5"]
[White "Begunov, Konstantin"]
[Black "Haug, Havard"]
[Result "0-1"]
[Board "50"]
[TimeControl "180+1"]
[WhiteFideId "4118510"]
[BlackFideId "1547887"]
[WhiteElo "2429"]
[BlackElo "2789"]
[WhiteTeam "RUS"]
[BlackTeam "NOR"]
[WhiteClock "0:00:04"]
[BlackClock "0:00:07"]

1. d4 d5 2. c4 e6 3. Nc3 c5 4. cxd5 cxd4 5. Qxd4 Nc6 6. Qa4 exd5 7. Nf3 Nf6 8. Bg5 Be7 9. O-O-O O-O 10. e4 Bd7 11. exd5 Ne5 12. Qd4 Nxf3 13. gxf3 Qa5 14. Rg1 Qb6 15. d6 Qxd4 16. Rxd4 Bd8 17. Ne4 Rc8+ 18. Kd2 Nxe4+ 19. fxe4 Ba5+ 20. Ke3 Bb6 21. Bh6 g6 22. Bxf8 Kxf8 23. e5 Re8 24. f4 f6 25. Kd3 fxe5 26. fxe5 Rxe5 27. Rf4+ Kg7 28. Rg3 Rd5+ 29. Kc3 Rxd6 30. Bc4 Be6 31. Rd3 Rc6 32. Kb4 Bf5 33. Rdd4 Bxd4 34. Rxd4 Kf6 35. Bb5 Rc2 36. Rd6+ Ke5 37. Rd8 Rxb2+ 38. Kc5 b6+ 39. Kc4 Be6+ 40. Kc3 Rxb5 41. Rh8 Ra5 42. Rxh7 Rxa2 43. h4 Kf6 44. Kd4 Bf7 45. Ke3 Ra3+ 46. Kf4 Ra4+ 47. Kg3 b5 48. Rh8 b4 49. Rb8 b3 50. Rb4 Rxb4 51. Kf3 b2 52. Ke3 b1=Q 53. Kd2 Qb3 54. Kc1 Qa3+ 55. Kc2 Rb2+ 56. Kc1 Kg7 57. h5 Kh6 58. hxg6 Bb3 59. g7 Qa1# 0-1

[Event "January 2 Early 2024"]
[Site "https://www.chess.com"]
[Date "2024.01.02"]
[Round "5"]
[White "Krzyzanowski, Marcin"]
[Black "Carre, Sylvain"]
[Result "1/2-1/2"]
[Board "51"]
[TimeControl "180+1"]
[WhiteFideId "1132199"]
[BlackFideId "642118"]
[WhiteElo "2786"]
[BlackElo "2425"]
[WhiteTeam "POL"]
[BlackTeam "FRA"]
[WhiteClock "0:00:07"]
[BlackClock "0:00:13"]

1. e4 e5 2. Nf3 Nf6 3. d4 Nxe4 4. Bd3 d5 5. Nxe5 Nd7 6. O-O Bd6 7. Nxd7 Bxd7 8. Nc3 Nxc3 9. bxc3 O-O 10. Qh5 g6 11. Qxd5 Bc6 12. Qg5 Qxg5 13. Bxg5 Rfe8 14. c4 Be4 15. Bxe4 Rxe4 16. Be3 b6 17. Rad1 Rae8 18. Rd3 f5 19. c5 bxc5 20. dxc5 Bf8 21. g3 Rc4 22. Ra3 Bxc5 23. Bxc5 Rxc5 24. Rxa7 Rxc2 25. a4 Ree2 26. a5 Kg7 27. a6 Kh6 28. Rb7 Ra2 29. a7 c5 30. Kg2 c4 31. Kf3 Rec2 32. h4 Rc3+ 33. Kg2 Rca3 34. Rc7 Rxa7 35. Rxc4 R2a4 36. Rc6 R4a6 37. Rcc1 Ra2 38. Rfe1 Rb2 39. Re3 Rbb7 40. Rc6 Kg7 41. h5 Rc7 42. Rb6 Rab7 43. Rbe6 Rf7 44. Re8 gxh5 45. f4 h4 46. Kh3 hxg3 47. Rxg3+ Kf6 48. Rg5 Rb3+ 49. Kh4 Rb4 50. Kg3 Rb3+ 51. Kh4 Rb4 52. Ra8 Rxf4+ 53. Kh5 Re4 54. Ra5 Re5 55. Ra6+ Re6 56. Ra4 Rg7 57. Rxg7 Kxg7 58. Kg5 Rg6+ 59. Kxf5 Rf6+ 60. Kg5 Rg6+ 61. Kh5 Rh6+ 62. Kg4 Rg6+ 63. Kf5 Rf6+ 64. Ke5 Rg6 65. Rh4 h6 66. Kf5 Rg5+ 67. Kf4 Kg6 68. Rh3 Rf5+ 69. Kg4 Rg5+ 70. Kf4 Rf5+ 71. Kg4 Rg5+ 72. Kf3 h5 73. Rh4 Rg4 74. Rh1 Kg5 75. Rh2 Rf4+ 76. Kg3 Rg4+ 77. Kf3 Rf4+ 78. Kg3 h4+ 79. Kh3 Rf3+ 80. Kg2 Rg3+ 81. Kf2 Kg4 82. Rh1 Rf3+ 83. Kg2 Ra3 84. Rc1 Ra2+ 85. Kh1 Ra4 86. Rb1 Rd4 87. Ra1 Rd3 88. Kg2 Rd2+ 89. Kh1 h3 90. Ra4+ Kg3 91. Ra3+ Kg4 92. Ra4+ Kg3 93. Ra3+ Kg4 94. Rb3 Re2 95. Rc3 Ra2 96. Rc4+ Kg3 97. Rc3+ Kg4 98. Rc4+ Kg3 99. Rc3+ Kg4 1/2-1/2

[Event "January 2 Early 2024"]
[Site "https://www.chess.com"]
[Date "2024.01.02"]
[Round "5"]
[White "Gajwa Ankit"]
[Black "Suyarov, Mukhammadzokhid"]
[Result "1-0"]
[Board "52"]
[TimeControl "180+1"]
[WhiteFideId "5077834"]
[BlackFideId "14210495"]
[WhiteElo "2356"]
[BlackElo "2782"]
[WhiteTeam "IND"]
[BlackTeam "UZB"]
[WhiteClock "0:02:16"]
[BlackClock "0:01:19"]

1. e4 e5 2. Nf3 Nf6 3. d4 Nxe4 4. Bd3 Nc6 5. O-O d5 6. dxe5 Bg4 7. Nc3 Nxc3 8. bxc3 Qd7 9. h3 Bh5 10. Re1 O-O-O 11. Rb1 Bc5 12. Be3 Bb6 13. Bxb6 axb6 14. Bb5 Rhe8 15. a4 Kb8 16. a5 Bxf3 17. Qxf3 Nxe5 18. Rxe5 Rxe5 19. Bxd7 Rxd7 20. axb6 cxb6 21. Rxb6 f6 22. Qf4 Re7 23. Kh2 Kc7 24. Qb4 Kc8 25. Qc5+ Kb8 26. Qd6+ Kc8 27. Rb5 Rc7 28. Ra5 Kb8 29. Rc5 1-0

[Event "January 2 Early 2024"]
[Site "https://www.chess.com"]
[Date "2024.01.02"]
[Round "5"]
[White "Travadon, Loic"]
[Black "Hammer, Jon Ludvig"]
[Result "1-0"]
[Board "53"]
[TimeControl "180+1"]
[WhiteFideId "26092131"]
[BlackFideId "1503707"]
[WhiteElo "2270"]
[BlackElo "2780"]
[WhiteTeam "FRA"]
[BlackTeam "NOR"]
[WhiteClock "0:00:11"]
[BlackClock "0:00:00"]

1. e4 c6 2. Nf3 d5 3. d3 dxe4 4. dxe4 Qxd1+ 5. Kxd1 Nf6 6. Nc3 Bg4 7. h3 Bxf3+ 8. gxf3 e5 9. h4 g6 10. Ne2 Nbd7 11. Bh3 O-O-O 12. Ng3 Kc7 13. Ke2 h5 14. Nf1 Bh6 15. Ne3 Bf4 16. b3 Rhe8 17. Ba3 Bh6 18. Rhd1 Bf8 19. Bb2 Nc5 20. Rxd8 Kxd8 21. Nc4 Nfd7 22. Rd1 Kc7 23. b4 Ne6 24. Nxe5 Nf4+ 25. Ke3 Nxe5 26. Bxe5+ Rxe5 27. Rd7+ Kb6 28. Kxf4 Re7 29. e5 a6 30. c3 a5 31. bxa5+ Kxa5 32. Kg5 Rxe5+ 33. Kf6 Re2 34. Kxf7 Bc5 35. Rxb7 Rxf2 36. Kxg6 Rxf3 37. Bf5 Rxc3 38. Kxh5 Rc4 39. Kg5 Be3+ 40. Kg6 Rxh4 41. Bd3 1-0

[Event "January 2 Early 2024"]
[Site "https://www.chess.com"]
[Date "2024.01.02"]
[Round "5"]
[White "Biriukov, Ilja"]
[Black "Bindrich, Falko"]
[Result "0-1"]
[Board "54"]
[TimeControl "180+1"]
[WhiteFideId "4113373"]
[BlackFideId "4676670"]
[WhiteElo "2214"]
[BlackElo "2765"]
[WhiteTeam "RUS"]
[BlackTeam "GER"]
[WhiteClock "0:00:02"]
[BlackClock "0:01:19"]

1. d4 d5 2. Nc3 Nf6 3. Bf4 a6 4. Qd2 e6 5. f3 c5 6. e3 Nc6 7. g4 b5 8. h4 Bb7 9. h5 h6 10. Nh3 Nd7 11. O-O-O Nb6 12. g5 b4 13. Nb1 Rc8 14. dxc5 Bxc5 15. e4 Nd4 16. Bg2 Nxc2 17. Qxc2 Bd6 18. Bxd6 Rxc2+ 19. Kxc2 Qxd6 20. Nd2 O-O 21. gxh6 gxh6 22. Rhg1 Kh7 23. f4 Rc8+ 24. Kb1 Qc5 25. Rc1 Qe3 26. Nb3 Rxc1+ 27. Rxc1 Nc4 28. f5 Qd3+ 29. Ka1 Qe2 30. fxe6 Qxb2# 0-1

[Event "January 2 Early 2024"]
[Site "https://www.chess.com"]
[Date "2024.01.02"]
[Round "5"]
[White "Volkov, Maksim"]
[Black "Ghosh, Chanchal Kumer"]
[Result "1-0"]
[Board "55"]
[TimeControl "180+1"]
[WhiteFideId "54123070"]
[BlackFideId "10201858"]
[WhiteElo "2649"]
[BlackElo "2068"]
[WhiteTeam "RUS"]
[BlackTeam "BAN"]
[WhiteClock "0:00:08"]
[BlackClock "0:00:16"]

1. d4 d5 2. c4 e6 3. Nf3 Nf6 4. g3 c6 5. Bg2 Bd6 6. O-O O-O 7. Nbd2 Nbd7 8. Qc2 b6 9. e4 dxe4 10. Nxe4 Nxe4 11. Qxe4 Bb7 12. Rd1 h6 13. Be3 Qc7 14. c5 Be7 15. Rac1 Nf6 16. Qc2 Nd5 17. Bd2 bxc5 18. dxc5 a5 19. Be1 a4 20. Nd2 Nb4 21. Qc4 Nd5 22. Ne4 Ba6 23. Qc2 Rfb8 24. Rd4 a3 25. bxa3 Rb7 26. Ra4 Rba7 27. Ba5 Qb8 28. Bb6 Nxb6 29. cxb6 Qxb6 30. Qc3 Bb5 31. Rxa7 Rxa7 32. Nd2 Rxa3 33. Qb2 Qa7 34. Rc2 Bf6 35. Qb4 Rxa2 36. Rxa2 Qxa2 37. h4 Qc2 38. Ne4 Be5 39. Qe7 Qb1+ 40. Kh2 Bd3 41. Qe8+ Kh7 42. Nc5 Bg6 43. h5 Bxh5 44. Nxe6 fxe6 45. Qxh5 Qg6 46. Qe2 Kg8 47. Qxe5 Qf6 48. Qxf6 gxf6 49. Bxc6 Kf7 50. Kh3 Ke7 51. Kh4 Kd6 52. Ba4 Ke5 53. Kh5 Ke4 54. Bd1 Kd3 55. Kxh6 Kd2 56. Bg4 Ke1 57. Bxe6 Kxf2 58. g4 Kg3 59. Kg6 Kf4 60. Kxf6 1-0

[Event "January 2 Early 2024"]
[Site "https://www.chess.com"]
[Date "2024.01.02"]
[Round "5"]
[White "Sipila, Vilka"]
[Black "Tari, Aryan"]
[Result "1-0"]
[Board "56"]
[TimeControl "180+1"]
[WhiteFideId "505455"]
[BlackFideId "1510045"]
[WhiteElo "2629"]
[BlackElo "2929"]
[WhiteTeam "FIN"]
[BlackTeam "NOR"]
[WhiteClock "0:00:30"]
[BlackClock "0:00:02"]

1. e4 e5 2. Nf3 Nc6 3. Bb5 Nge7 4. Nc3 Ng6 5. d4 exd4 6. Nxd4 Nxd4 7. Qxd4 c6 8. Bc4 b5 9. Be2 Qb6 10. Be3 Qxd4 11. Bxd4 Nf4 12. Bf3 Ne6 13. Be3 d6 14. O-O Be7 15. a4 b4 16. Ne2 Ba6 17. Rfd1 O-O 18. Nd4 Nxd4 19. Bxd4 c5 20. Be3 Rad8 21. Bf4 f5 22. exf5 Rxf5 23. Bg3 d5 24. Bc7 Rd7 25. Bg4 g6 26. Bxf5 gxf5 27. Be5 d4 28. c3 Be2 29. Rd2 d3 30. Re1 Rb7 31. f4 Kf7 32. Kf2 bxc3 33. Bxc3 c4 34. Rexe2 dxe2 35. Kxe2 Bb4 36. Rd4 Bxc3 37. bxc3 Rb2+ 38. Kf3 Ke6 39. Rxc4 Ra2 40. h3 a5 41. g4 Kd5 42. Rd4+ Ke6 43. Kg3 Ra3 44. Rc4 Kd5 45. Rd4+ Ke6 46. gxf5+ Kxf5 47. Rd5+ Kf6 48. Rxa5 Rxc3+ 49. Kg4 Rc1 50. Ra6+ Kf7 51. a5 Rc5 52. Ra8 h5+ 53. Kf3 Rc3+ 54. Kg2 h4 55. a6 Rg3+ 56. Kf2 Rxh3 57. a7 Ra3 58. Rh8 1-0

[Event "January 2 Early 2024"]
[Site "https://www.chess.com"]
[Date "2024.01.02"]
[Round "5"]
[White "Galchenko, Matvey"]
[Black "Yagupov, Igor"]
[Result "1-0"]
[Board "57"]
[TimeControl "180+1"]
[WhiteFideId "24175480"]
[BlackFideId "4113632"]
[WhiteElo "2898"]
[BlackElo "2618"]
[WhiteTeam "FID"]
[BlackTeam "RUS"]
[WhiteClock "0:00:03"]
[BlackClock "0:00:00"]

1. e4 c5 2. c3 Nf6 3. e5 Nd5 4. Nf3 d6 5. Bc4 e6 6. d4 cxd4 7. cxd4 Nc6 8. O-O Be7 9. Bd2 Kf8 10. Nc3 Nxc3 11. Bxc3 a6 12. Qe2 dxe5 13. dxe5 b5 14. Bd3 Qb6 15. a3 g6 16. Nd2 Kg7 17. Ne4 Bb7 18. Nd6 Rhf8 19. Be4 Rad8 20. Nxb7 Qxb7 21. Qf3 Rc8 22. Rad1 Qb6 23. Rd6 Bxd6 24. exd6+ Nd4 25. Rd1 e5 26. Qe3 Rcd8 27. Rxd4 Rxd6 28. Rxd6 Qxd6 29. h3 f6 30. Bf3 Rf7 31. Bb4 Qd4 32. Qe2 Rd7 33. Bc3 Qd3 34. Kf1 Qb1+ 35. Qe1 Qd3+ 36. Be2 Qd5 37. Qc1 h5 38. Bf3 Qd3+ 39. Kg1 e4 40. Qf4 exf3 41. Qxf6+ Kg8 42. Qh8+ Kf7 43. Qg7+ Ke6 44. Qg8+ Kd6 45. gxf3 Qxf3 46. Qxg6+ Kd5 47. Qg5+ Kc4 48. Qg8+ Qd5 49. Qc8+ Kb3 50. Qxa6 Qd1+ 51. Kg2 Qd5+ 52. Kg1 Qb7 53. Qe6+ Qd5 54. Qxd5+ Rxd5 55. Kg2 Rf5 56. Kg3 Kc4 57. f4 Kd3 58. Kf3 Rf7 59. Be5 Rf5 60. Kg3 Rf7 61. b3 Ke4 62. a4 1-0

[Event "January 2 Early 2024"]
[Site "https://www.chess.com"]
[Date "2024.01.02"]
[Round "5"]
[White "Kukhmazov, Arsen"]
[Black "Niedbala, Bartlomiej"]
[Result "1-0"]
[Board "58"]
[TimeControl "180+1"]
[WhiteFideId "24108260"]
[BlackFideId "21834008"]
[WhiteElo "2869"]
[BlackElo "2626"]
[WhiteTeam "FID"]
[BlackTeam "POL"]
[WhiteClock "0:00:12"]
[BlackClock "0:00:11"]

1. d4 Nf6 2. c4 e6 3. Nf3 d5 4. e3 Be7 5. b3 c5 6. Bb2 cxd4 7. exd4 O-O 8. Bd3 Nc6 9. O-O b6 10. Nbd2 Bb7 11. Qe2 Rc8 12. Rac1 Re8 13. Rfd1 Bf8 14. h3 g6 15. Ne5 dxc4 16. Ndxc4 Nb4 17. Bb1 Nbd5 18. g3 Bh6 19. f4 Bxf4 20. gxf4 Nxf4 21. Qh2 N6h5 22. d5 Qg5+ 23. Ng4 exd5 24. Ne5 Rxc1 25. Rxc1 Rxe5 26. Bxe5 Nxh3+ 27. Qxh3 Qxc1+ 28. Qf1 Qg5 29. Qg2 Qc1+ 30. Qf1 Qg5 31. Qg2 d4 32. Qxb7 Qxg4+ 33. Kf2 Qh4+ 34. Ke2 Qd8 35. Qxa7 f6 36. Qb8 Qxb8 37. Bxb8 Kf7 38. Ba7 Ke6 39. Bxb6 Kd5 40. a4 Nf4+ 41. Kd2 h6 42. a5 h5 43. a6 Kc6 44. a7 Kb7 45. Be4+ Kxb6 46. a8=Q Kc5 47. Qc6+ Kb4 48. Qa4+ Kc5 49. Qc4+ Kd6 50. Qxd4+ Ke6 51. b4 h4 52. b5 h3 53. b6 f5 54. b7 fxe4 55. Qxe4+ 1-0

[Event "January 2 Early 2024"]
[Site "https://www.chess.com"]
[Date "2024.01.02"]
[Round "5"]
[White "Ismagilov, Damir"]
[Black "Rohith Krishna S"]
[Result "1-0"]
[Board "59"]
[TimeControl "180+1"]
[WhiteFideId "34199982"]
[BlackFideId "46617051"]
[WhiteElo "2562"]
[BlackElo "2851"]
[WhiteTeam "RUS"]
[BlackTeam "IND"]
[WhiteClock "0:00:32"]
[BlackClock "0:00:02"]

1. d4 Nf6 2. Bf4 g6 3. Nc3 d5 4. Qd2 a6 5. O-O-O b5 6. f3 Nc6 7. e4 Be6 8. e5 Nd7 9. h4 h5 10. Nh3 Bxh3 11. Rxh3 e6 12. Bg5 Be7 13. f4 Nb6 14. Kb1 b4 15. Ne2 Nc4 16. Qd3 a5 17. Nc1 a4 18. b3 Na3+ 19. Kb2 Na7 20. bxa4 Nc8 21. Qb3 Nb6 22. Ka1 Nxa4 23. Be2 O-O 24. g4 hxg4 25. Bxg4 Nc3 26. Rxc3 bxc3 27. Qxc3 Qb8 28. Nb3 Bb4 29. Qd3 Qa7 30. Bxe6 Kh7 31. h5 Nc4 32. hxg6+ fxg6 33. Rh1+ Kg7 34. Bh6+ 1-0

[Event "January 2 Early 2024"]
[Site "https://www.chess.com"]
[Date "2024.01.02"]
[Round "5"]
[White "Weishaeutel, Moritz"]
[Black "Mekhitarian, Krikor Sevag"]
[Result "0-1"]
[Board "60"]
[TimeControl "180+1"]
[WhiteFideId "12967300"]
[BlackFideId "2107660"]
[WhiteElo "2594"]
[BlackElo "2849"]
[WhiteTeam "GER"]
[BlackTeam "BRA"]
[WhiteClock "0:00:02"]
[BlackClock "0:00:07"]

1. e4 e6 2. d4 d5 3. exd5 exd5 4. Nf3 Nc6 5. Nc3 Bb4 6. Bd3 Nge7 7. O-O Bg4 8. a3 Bxc3 9. bxc3 Qd7 10. h3 Bf5 11. Bb5 f6 12. Re1 a6 13. Ba4 O-O 14. Bb3 Be6 15. Qe2 Bf7 16. Bf4 Rfe8 17. Qd2 Na5 18. Ba2 Nc4 19. Bxc4 dxc4 20. Bg3 Nd5 21. Rab1 b6 22. Nh2 Qa4 23. Ra1 Rxe1+ 24. Rxe1 Qxa3 25. Nf3 Qxc3 26. Qxc3 Nxc3 27. Bxc7 Nd5 28. Bd6 Rd8 29. Bg3 b5 30. Ra1 Ra8 31. Nd2 Nb4 32. c3 Nd5 33. Ne4 Bg6 34. Nd6 Nxc3 35. f3 Kf8 36. Be1 Ke7 37. Nxc4 Ne2+ 38. Kf2 Nxd4 39. Bb4+ Kf7 40. Nb6 Nc2 41. Nxa8 Nxa1 42. Nc7 Nc2 43. Bd2 b4 44. Nxa6 b3 45. Bc3 Bd3 46. Nc5 Bc4 47. g4 h6 48. f4 Ke7 49. f5 Kf7 50. h4 Na3 51. Ke3 Nb5 52. Bb2 Bd5 53. Nd3 Nd6 54. Nb4 Bg2 55. Kd3 Bf3 56. g5 Nxf5 57. gxf6 gxf6 58. Na6 Nxh4 59. Nc5 Bd1 60. Ne4 Bc2+ 61. Ke3 Bxe4 62. Kxe4 Ng6 63. Kf5 Ne7+ 64. Kg4 Kg6 65. Kh4 Nd5 66. Kg4 Ne3+ 67. Kf3 Nc4 0-1

[Event "January 2 Early 2024"]
[Site "https://www.chess.com"]
[Date "2024.01.02"]
[Round "5"]
[White "Veiga, Jose Francisco R P Neves"]
[Black "Vakhlamov, Igor L."]
[Result "0-1"]
[Board "61"]
[TimeControl "180+1"]
[WhiteFideId "1930087"]
[BlackFideId "24126748"]
[WhiteElo "2539"]
[BlackElo "2803"]
[WhiteTeam "POR"]
[BlackTeam "RUS"]
[WhiteClock "0:00:04"]
[BlackClock "0:00:09"]

1. c4 e6 2. g3 d5 3. Bg2 Nf6 4. Nf3 c5 5. cxd5 exd5 6. d4 Nc6 7. O-O Be7 8. dxc5 Bxc5 9. Nc3 O-O 10. Bg5 d4 11. Bxf6 Qxf6 12. Ne4 Qe7 13. Nxc5 Qxc5 14. Rc1 Qb6 15. Qd2 Re8 16. Rfd1 Bg4 17. h3 Bxf3 18. Bxf3 Rad8 19. Kg2 Ne5 20. Be4 h6 21. Rc2 Re7 22. Qf4 Qe6 23. Bf5 Qxa2 24. Rxd4 Rde8 25. e3 Qa5 26. h4 Nc6 27. Rd1 a6 28. h5 Ne5 29. Be4 Ng4 30. Rd5 Qb6 31. Bf3 Nf6 32. Rd6 Qb3 33. Rcd2 a5 34. Rxf6 gxf6 35. Qxf6 Qe6 36. Qf4 Qe5 37. Qxh6 f5 38. Rd6 Re6 39. Bd5 Qxd6 40. Bxe6+ Qxe6 41. Qg5+ Kh8 42. Qf4 Qe4+ 43. Qxe4 fxe4 0-1